 Dungeon Crawl Stone Soup version 0.20.1-1-g8b1a95d (webtiles) character file.

957 rabbitfr the Covert (level 7, -8/32 HPs)
             Began as a Spriggan Enchanter on Dec 16, 2017.
             Was a Follower of Dithmenos.
             Mangled by Duvessa (10 damage)
             ... on level 6 of the Dungeon.
             The game lasted 00:34:12 (6627 turns).

rabbitfr the Covert (Spriggan Enchanter)            Turns: 6627, Time: 00:34:13

Health: -8/32      AC:  6    Str:  4    XL:     7   Next: 91%
Magic:  20/27      EV: 18    Int: 19    God:    Dithmenos [*.....]
Gold:   409        SH:  0    Dex: 16    Spells: 8/20 levels left

rFire    . . .     SeeInvis +   a - +1 dagger
rCold    . . .     Gourm    .   (shield restricted)
rNeg     . . .     Faith    .   y - +2 robe
rPois    .         Spirit   .   (helmet restricted)
rElec    .         Reflect  .   (no cloak)
rCorr    .         Harm     .   (gloves unavailable)
MR       +....                  (boots unavailable)
Stlth    ++++......             (no amulet)
Regen    0.1/turn               n - ring of magical power
MPRegen  0.2/turn               H - +2 ring of protection

@: wreathed by umbra, very quick
A: unfitting armour, see invisible, herbivore 3, speed 3, slow metabolism 2
a: Renounce Religion


You were on level 6 of the Dungeon.
You worshipped Dithmenos.
Dithmenos was aware of your devotion.
You were not hungry.

You visited 2 branches of the dungeon, and saw 7 of its levels.
You also visited: Sewer.

You collected 409 gold pieces.

Inventory:

Hand Weapons
 a - a +1 dagger (weapon)
 b - a +0 short sword of electrocution
Missiles
 k - 55 stones (quivered)
 w - 8 needles of sleeping
Armour
 y - a +2 robe (worn)
Jewellery
 i - an uncursed amulet of harm
 n - a ring of magical power (left hand)
 H - a +2 ring of protection (right hand)
Scrolls
 f - a scroll of recharging {unknown}
 g - 3 scrolls of fear
 h - a scroll of teleportation {unknown}
 l - 2 scrolls of noise
 p - a scroll of blinking {unknown}
 q - a scroll of remove curse {unknown}
 s - 2 scrolls of magic mapping {unknown}
 u - a scroll of random uselessness {unknown}
 x - a scroll of amnesia {unknown}
 A - a scroll of identify
 B - a scroll of silence {unknown}
Potions
 e - a potion of heal wounds {unknown}
 j - a potion of curing
 m - a potion of mutation {unknown}
 o - 2 potions of haste {unknown}
 r - 2 potions of might {unknown}
 t - a potion of resistance {unknown}
 C - a potion of lignification {unknown}
 D - a potion of degeneration {unknown}
 E - a potion of cancellation {unknown}
 G - a potion of berserk rage {unknown}
Books
 c - a book of Maledictions

   Spells                             Type                      Level
   a - Corona                         Hexes                        1
   b - Ensorcelled Hibernation        Hexes/Ice                    2
   c - Confuse                        Hexes                        3
   d - Tukima's Dance                 Hexes                        3
   e - Dazzling Spray                 Conjuration/Hexes            3
Miscellaneous
 F - a lightning rod (1/4)
Comestibles
 d - 5 bread rations
 v - 2 royal jellies
 z - 3 fruits


   Skills:
 - Level 3.1 Short Blades
 - Level 3.0 Dodging
 + Level 8.2 Stealth
 + Level 7.3 Spellcasting
 - Level 1.0 Conjurations
 + Level 5.9 Hexes
 - Level 1.1 Ice Magic
 + Level 0.2 Invocations


You had 8 spell levels left.
You knew the following spells:

 Your Spells              Type           Power        Failure   Level  Hunger
a - Corona                Hex            ####...      1%          1    None
b - Ensorcelled Hibernat  Hex/Ice        ###...       3%          2    None
c - Confuse               Hex            ####....     2%          3    #......
d - Tukima's Dance        Hex            ####....     2%          3    #......
e - Dazzling Spray        Conj/Hex       ###...       7%          3    #......


Dungeon Overview and Level Annotations

Branches:
Dungeon (6/15)             Temple (1/1) D:4

Altars:
Cheibriados
Dithmenos
Gozag
Makhleb
Okawaru
Qazlal
Sif Muna
The Shining One

Shops:
D:4 (

Annotations:
D:6 Duvessa


Innate Abilities, Weirdness & Mutations

You are very small and have problems with some larger weapons.
You are too small for most types of armour.
You have supernaturally acute eyesight. (SInv)
You are a herbivore.
You cover ground extremely quickly.
You need consume almost no food.


Message History

Duvessa is moderately wounded.
Duvessa hits you but does no damage. Duvessa barely misses you.
Aiming: Thunderbolt
Press: ? - help, Shift-Dir - straight line, f/p - Duvessa
Aim: Duvessa, wearing a chain mail (moderately wounded, berserk, fast, unusually strong, umbra)
The thunderbolt hits Duvessa.
Duvessa is heavily wounded.
Duvessa misses you.
Your short sword closely misses Duvessa.
Aiming: Thunderbolt
Press: ? - help, Shift-Dir - straight line, f/p - Duvessa
Aim: Duvessa, wearing a chain mail (heavily wounded, berserk, fast, unusually strong, umbra)
The thunderbolt hits Duvessa.
Duvessa is severely wounded.
Duvessa misses you.
Your short sword hits Duvessa but does no damage.
Duvessa hits you!
* * * LOW HITPOINT WARNING * * *
Your short sword hits Duvessa.
Duvessa hits you!
You die...

#.......#.......#...#.
#....)..#.......#...#.
#####'## #.......#...#.
#......#####.....#...#.
#......#...'.....#...#.
#......#...#.....#...#.
#......'...#.....# #.
#......#...#.....# #.
#....(@#...#.....# .
#....e.#...#.....#
#......#...#.....+
#......###.#.....#
######## #.##+##.. ..
...


You could see Duvessa (berserk) and a friendly short sword.

Vanquished Creatures
  Purgy (Sewer)
  4 ogres
  A bullfrog (D:4)
  2 scorpions (D:4)
  Dowan (D:6)
  A crimson imp (D:5)
  A bullfrog skeleton (D:5)
  An orc priest (D:4)
  An orc wizard (D:4)
  2 worker ants
  6 adders
  An adder zombie (D:6)
  4 worms
  3 dart slugs
  2 leopard geckos
  6 orcs
  2 ball pythons
  2 giant cockroaches
  7 goblins
  5 hobgoblins
  3 kobolds
  4 quokkas
  13 bats
  5 frilled lizards
  9 rats
87 creatures vanquished.

Notes
Turn   | Place    | Note
-------+----------+-------------------------------------------
     0 | D:1      | rabbitfr the Spriggan Enchanter began the quest for the Orb.
     0 | D:1      | Reached XP level 1. HP: 9/9 MP: 5/5
   228 | D:1      | Reached XP level 2. HP: 13/13 MP: 7/7
   233 | D:1      | Learned a level 2 spell: Ensorcelled Hibernation
   908 | D:1      | Reached skill level 5 in Stealth
  1246 | D:2      | Reached XP level 3. HP: 11/16 MP: 9/9
  2493 | D:2      | Reached XP level 4. HP: 7/21 MP: 8/11
  2906 | D:3      | Reached skill level 5 in Spellcasting
  3815 | D:4      | Reached XP level 5. HP: 24/24 MP: 10/14
  3820 | D:4      | Learned a level 3 spell: Confuse
  3824 | D:4      | Learned a level 3 spell: Tukima's Dance
  3828 | D:4      | Learned a level 3 spell: Dazzling Spray
  3911 | D:4      | Found Cusavufa's Antique Weapon Boutique.
  4378 | D:4      | Found a staircase to the Ecumenical Temple.
  4395 | D:4      | Reached XP level 6. HP: 28/28 MP: 16/16
  4553 | D:4      | Reached skill level 6 in Stealth
  4553 | D:4      | Reached skill level 1 in Ice Magic
  4626 | Temple   | Entered the Ecumenical Temple
  4641 | Temple   | Became a worshipper of Dithmenos the Shadowed
  5371 | D:5      | Entered Level 5 of the Dungeon
  5504 | D:5      | Reached skill level 5 in Hexes
  5504 | D:5      | Reached XP level 7. HP: 32/32 MP: 18/18
  5697 | D:5      | Reached skill level 7 in Stealth
  6024 | D:5      | Found a glowing drain.
  6054 | Sewer    | Entered a sewer
  6106 | Sewer    | Noticed Purgy
  6132 | Sewer    | Killed Purgy
  6421 | D:6      | Reached skill level 8 in Stealth
  6421 | D:6      | Reached skill level 1 in Conjurations
  6607 | D:6      | Noticed Duvessa
  6607 | D:6      | Noticed Dowan
  6609 | D:6      | Killed Dowan
  6609 | D:6      | Reached * piety under Dithmenos
  6627 | D:6      | Mangled by Duvessa

Skill      XL: |  1  2  3  4  5  6  7 |
---------------+----------------------+-----
Spellcasting   | 3 4 6 7 |  7.3
Stealth        | 5 6 8 |  8.2
Short Blades   | 2 3 |  3.1
Hexes          | 4 5 |  5.9
Ice Magic      | 1 |  1.1
Conjurations   | 1 |  1.0
Dodging        | |  3.0
Invocations    | |  0.2

Action                   |  1- 3 |  4- 6 |  7- 9 || total
-------------------------+-------+-------+-------++-------
Melee: Dagger            |   139 |   126 |    20 ||   285
       Short sword       |       |       |    34 ||    34
Throw: Stone             |     3 |     1 |       ||     4
 Cast: Ensorcelled Hiber |     7 |    43 |     8 ||    58
       Confuse           |       |       |     2 ||     2
       Tukima's Dance    |       |       |     1 ||     1
Evoke: Lightning rod     |       |       |     3 ||     3
  Use: Scroll            |       |     6 |     2 ||     8
       Potion            |       |     1 |       ||     1
 Stab: Sleeping          |    11 |    25 |     9 ||    45
       Distracted        |       |     1 |       ||     1
  Eat: Bread ration      |       |     1 |       ||     1
Armor: Robe              |    12 |    13 |    22 ||    47
Dodge: Dodged            |   111 |    91 |    58 ||   260
